AoeStats
← El Destungador

Arena

509984228Analyzed
3v3 RM · 2d ago on Sep 28, 2026· 19m 57s· 6 players
Game mode
Random Map
Map size
Normal (6 player)
Population
200
Speed
Normal
Resources
Standard
Victory
Conquest
Starting age
Dark Age
Ending age
Imperial Age
RankedLock teamsTeams togetherTeam positionsShared explorationLock speedFull tech treeHidden civsTurbo modeCheats
Victory
Defeat
🇲🇽 Hindustanis · Mexico
1055
+11
🇦🇺 Malay · Australia
1014
+12
🇨🇦 Cumans · Canada
1004
+13
🇨🇱 Inca · Chile
988
-14
🇨🇱 Goths · Chile
906
-11
🇨🇱 Teutons · Chile
898
-11
Mr. Excel
9:55 Feudal Age
11:29 Man-at-Arms
Destructor
1:10 Loom
10:21 Feudal Age
15:27 Castle Age
13:34 Stone Mining
Admw
11:47 Feudal Age
14:41 Castle Age
13:00 Double-Bit Axe
13:10 Stone Mining
14:12 Horse Collar
16:07 Loom
19:20 Forging
20:39 Bow Saw
CLAP <3
0:30 Loom
12:44 Feudal Age
13:08 Horse Collar
13:15 Double-Bit Axe
Dario Osorio
12:07 Loom
14:00 Feudal Age
El Destungador
0:35 Loom
11:50 Feudal Age
12:14 Horse Collar
12:20 Double-Bit Axe
Connection lost

Rejoining the realm…

Still unreachable

The connection could not be restored.

Session expired

The server has moved on; the page needs a fresh start.